[Event "Titled Tuesday Blitz November 08 Early 2022"]
[White "Sjugirov, Sanan"]
[Black "Volkov, Maksim"]
[WhiteFideId "4189302"]
[BlackFideId "54123070"]
[WhiteElo "2611"]
[BlackElo "2257"]
[Result "1-0"]
[Round "02"]
[TimeControl "180+1"]
[Date "2022.11.08"]
[WhiteClock "0:00:10"]
[BlackClock "0:00:09"]

1. e4 e6 2. d4 d5 3. Nc3 Bb4 4. e5 c5 5. Bd2 Ne7 6. a3 Bxc3 7. Bxc3 cxd4 8. Bxd4 Nbc6 9. Nf3 O-O 10. Bc3 Ng6 11. Bd3 Nf4 12. O-O Nxd3 13. Qxd3 b6 14. Rfe1 a5 15. Qe3 Ba6 16. Qf4 Ne7 17. h4 Rc8 18. Rac1 Rc4 19. Bd4 Qc7 20. Qd2 Rc8 21. c3 a4 22. h5 h6 23. g4 Kf8 24. Rcd1 Ke8 25. Qe3 Rb8 26. Nh4 Kd7 27. f4 Rc6 28. f5 Rg8 29. Rd2 Kc8 30. Rg2 Rh8 31. f6 gxf6 32. exf6 Ng8 33. Nf3 Kb7 34. Be5 Qd8 35. Qf4 Rc4 36. Nd4 Bb5 37. Rg3 Bd7 38. Kh2 Ka6 39. Rb1 Qc8 40. Qd2 Qd8 41. Rf3 b5 42. b3 axb3 43. Rxb3 Qa5 44. Rf1 Rh7 45. Rfb1 Rc5 46. Qd3 1-0


[Site "https://www.chess.com"]

[Event "Titled Tuesday Blitz November 08 Early 2022"]
[White "Skatchkov, Valery"]
[Black "Kovalev, Vladislav"]
[WhiteFideId "24195812"]
[BlackFideId "13504398"]
[WhiteElo "2147"]
[BlackElo "2556"]
[Result "0-1"]
[Round "02"]
[TimeControl "180+1"]
[Date "2022.11.09"]
[WhiteClock "0:00:53"]
[BlackClock "0:01:55"]

1. d4 Nf6 2. c4 g6 3. Nc3 Bg7 4. e4 d6 5. h3 O-O 6. Bg5 c5 7. d5 b5 8. cxb5 a6 9. a4 Qa5 10. Bd2 axb5 11. Bxb5 Ba6 12. Ra3 Nbd7 13. Nf3 Bxb5 14. axb5 Qb4 15. Qa1 Rxa3 16. Qxa3 Qc4 17. Qa7 Nxe4 18. Qxd7 Bxc3 19. Bxc3 Ra8 0-1


[Site "https://www.chess.com"]

[Event "Titled Tuesday Blitz November 08 Early 2022"]
[White "Sourath Biswas"]
[Black "Trifan, Andrei Ioan"]
[WhiteFideId "35091484"]
[BlackFideId "12967068"]
[WhiteElo "2164"]
[BlackElo "2208"]
[Result "1-0"]
[Round "02"]
[TimeControl "180+1"]
[Date "2022.11.09"]
[WhiteClock "0:01:21"]
[BlackClock "0:00:13"]

1. d4 Nf6 2. Bf4 d5 3. e3 e6 4. Nf3 c5 5. Nbd2 Nc6 6. c3 Bd6 7. Bg3 O-O 8. Bd3 Re8 9. Ne5 Bxe5 10. dxe5 Nd7 11. Nf3 f6 12. exf6 Qxf6 13. O-O Nde5 14. Nxe5 Nxe5 15. Bb5 Rf8 16. e4 d4 17. cxd4 cxd4 18. f4 Nc6 19. e5 Qd8 20. Bd3 Ne7 21. Bh4 Qd7 22. Bxe7 Qxe7 23. Be4 Qb4 24. Qh5 h6 25. Qg6 Bd7 26. Qh7+ Kf7 27. Bg6+ Ke7 28. Qxg7+ Kd8 29. Rfd1 Rxf4 30. Qxh6 Qf8 31. Qg5+ Kc7 32. Rac1+ Bc6 33. Rf1 Rxf1+ 34. Rxf1 Qc5 35. Bd3 Qd5 36. Qe7+ Kb6 37. Qb4+ Kc7 38. Rf7+ Bd7 39. Be4 a5 40. Rxd7+ Kxd7 41. Qa4+ b5 42. Bxd5 bxa4 43. Bxa8 d3 44. Kf2 d2 45. Ke2 1-0


[Site "https://www.chess.com"]

[Event "Titled Tuesday Blitz November 08 Early 2022"]
[White "Sovetbekova, Nurai"]
[Black "Santos Flores, Alberto"]
[WhiteFideId "13801910"]
[BlackFideId "3601234"]
[WhiteElo "1925"]
[BlackElo "2235"]
[Result "1/2-1/2"]
[Round "02"]
[TimeControl "180+1"]
[Date "2022.11.09"]
[WhiteClock "0:00:06"]
[BlackClock "0:00:30"]

1. d4 d5 2. c4 c6 3. Nf3 Nf6 4. g3 Bf5 5. Nc3 e6 6. Nh4 Bg6 7. Qb3 Qb6 8. c5 Qxb3 9. axb3 a6 10. b4 Nbd7 11. b5 cxb5 12. Nxb5 Rc8 13. Nxg6 hxg6 14. Nc3 Be7 15. Bd2 Nb8 16. b4 Nc6 17. b5 Nxd4 18. Rb1 axb5 19. Nxb5 Nxb5 20. Rxb5 Bxc5 21. Rxb7 Ne4 22. e3 O-O 23. Bd3 Nd6 24. Rb1 Nc4 25. Ke2 Ne5 26. Rb5 Nxd3 27. Kxd3 Be7 28. Rhb1 Bf6 29. h4 Be5 30. Rb7 Rb8 31. Rxb8 Rxb8 32. Rxb8+ Bxb8 33. Kd4 Bd6 34. e4 dxe4 35. Kxe4 f5+ 36. Kd4 Kf7 37. Bg5 Bb8 38. Kd3 e5 39. f3 Ke6 40. g4 Kd5 41. Be7 Bd6 42. Bg5 Bc5 43. h5 e4+ 44. fxe4+ fxe4+ 45. Ke2 gxh5 46. gxh5 Ke5 47. h6 gxh6 48. Bxh6 Kf5 49. Be3 Bd6 50. Bd2 Be5 51. Be3 Ke6 52. Bd2 Kd5 53. Ke3 Bd4+ 54. Ke2 Bc5 55. Bc1 Bb4 56. Be3 Kc4 57. Bf4 Bc5 58. Be3 Bd6 59. Bd2 Kd5 60. Ke3 Be5 61. Ke2 Bd4 62. Be3 Kc4 63. Bg5 Kc3 64. Bf4 Kc2 65. Be3 Kc3 66. Bxd4+ Kxd4 67. Kd2 Kd5 68. Ke3 Ke5 69. Ke2 Kd4 70. Kd2 e3+ 71. Ke2 Ke4 72. Ke1 Kd3 73. Kd1 Ke4 74. Ke2 Kf4 75. Ke1 Kf3 76. Kf1 e2+ 77. Ke1 Ke3 1/2-1/2


[Site "https://www.chess.com"]

[Event "Titled Tuesday Blitz November 08 Early 2022"]
[White "Starosta, Martyna"]
[Black "De Silva, L M S T"]
[WhiteFideId "21818754"]
[BlackFideId "9953698"]
[WhiteElo "1825"]
[BlackElo "2416"]
[Result "0-1"]
[Round "02"]
[TimeControl "180+1"]
[Date "2022.11.09"]
[WhiteClock "0:00:06"]
[BlackClock "0:00:29"]

1. e4 e5 2. Nf3 Nc6 3. Bb5 a6 4. Ba4 Nf6 5. O-O Be7 6. Re1 b5 7. Bb3 O-O 8. d4 Nxd4 9. Bxf7+ Rxf7 10. Nxe5 Ne6 11. Nxf7 Kxf7 12. e5 Bb7 13. exf6 Bxf6 14. Nc3 d5 15. Qh5+ g6 16. Qxh7+ Ng7 17. Bh6 Qd6 18. Bxg7 Bxg7 19. Qh4 Rh8 20. Qg3 Qxg3 21. hxg3 b4 22. Na4 Bc6 23. Nc5 Bxb2 24. Rad1 Bc3 25. Re3 d4 26. Re6 Bb5 27. Re4 Rd8 28. Nb3 Bc4 29. Rf4+ Kg8 30. Re4 Rd5 31. Re7 c5 32. Rc7 Be2 33. Rb1 c4 34. Nc1 d3 35. cxd3 cxd3 36. Re7 Bd1 37. Nb3 Bc2 38. Rc1 a5 39. Ra7 Bxb3 40. axb3 d2 41. Rd1 Re5 42. Kh2 Re1 43. Rxd2 Bxd2 44. Rxa5 Rb1 45. Ra6 Kg7 46. Ra7+ Kh6 47. Rd7 Bc3 48. f4 Rxb3 49. g4 Bg7 50. g5+ Kh7 51. g4 Rf3 52. Rf7 Kg8 53. Rb7 Rxf4 54. Kg3 Rc4 55. Kf3 Rc3+ 56. Ke4 b3 57. Kd5 b2 58. Rxb2 Rd3+ 59. Ke4 Bxb2 60. Kxd3 Bc1 61. Ke4 Bxg5 62. Ke5 Kf7 63. Kd5 Kf6 64. Ke4 Bc1 65. Kf3 Kg5 0-1


[Site "https://www.chess.com"]

[Event "Titled Tuesday Blitz November 08 Early 2022"]
[White "Streltsov, Alexey"]
[Black "Akbas, Umut Ata"]
[WhiteFideId "24104434"]
[BlackFideId "44572646"]
[WhiteElo "2561"]
[BlackElo "2192"]
[Result "0-1"]
[Round "02"]
[TimeControl "180+1"]
[Date "2022.11.09"]
[WhiteClock "0:01:19"]
[BlackClock "0:01:56"]

1. d4 g6 2. e4 Bg7 3. Nc3 c6 4. Nf3 d5 5. Bf4 dxe4 6. Nxe4 Bg4 7. c3 Nd7 8. Bc4 Bxf3 9. Qxf3 Ngf6 10. Ng5 O-O 11. O-O h6 12. Ne4 Nxe4 13. Qxe4 e6 14. Rae1 Re8 15. Bd3 e5 16. dxe5 Nc5 17. Qc4 Nxd3 18. Rd1 Nxb2 0-1


[Site "https://www.chess.com"]

[Event "Titled Tuesday Blitz November 08 Early 2022"]
[White "Stribuk, Artiom"]
[Black "Yurovskykh, Oleksandr"]
[WhiteFideId "13515659"]
[BlackFideId "14134020"]
[WhiteElo "2371"]
[BlackElo "2265"]
[Result "1-0"]
[Round "02"]
[TimeControl "180+1"]
[Date "2022.11.09"]
[WhiteClock "0:00:05"]
[BlackClock "0:00:03"]

1. f4 d5 2. d3 Nc6 3. Nf3 Bg4 4. Nbd2 f6 5. e4 e5 6. fxe5 fxe5 7. Be2 Bc5 8. exd5 Qxd5 9. Ne4 Nf6 10. Nfg5 Bxe2 11. Qxe2 Nd4 12. Qd1 Bb6 13. c3 Nf5 14. Nxf6+ gxf6 15. Qh5+ Ke7 16. Ne4 Nd6 17. Qh4 Nxe4 18. dxe4 Qd3 19. Rf1 Raf8 20. Rf3 Qc2 21. Bh6 Qxg2 22. Rf1 Rf7 23. O-O-O Rg8 24. Bd2 Qg4 25. Qe1 Qh3 26. c4 Bd4 27. Bb4+ c5 28. Rxd4 exd4 29. Bxc5+ Kd7 30. Bxd4 Rg2 31. Qb4 Kc8 32. Qc5+ Kd8 33. Qd6+ Qd7 34. Bxf6+ Kc8 35. Qc5+ Kb8 36. Be5+ Ka8 37. Qf8+ Rxf8 38. Rxf8+ 1-0


[Site "https://www.chess.com"]

[Event "Titled Tuesday Blitz November 08 Early 2022"]
[White "Svane, Frederik"]
[Black "Thomforde-Toates, Noah"]
[WhiteFideId "12923044"]
[BlackFideId "30951992"]
[WhiteElo "2466"]
[BlackElo "2609"]
[Result "0-1"]
[Round "02"]
[TimeControl "180+1"]
[Date "2022.11.09"]
[WhiteClock "0:00:02"]
[BlackClock "0:00:15"]

1. c4 Nf6 2. Nc3 g6 3. g3 Bg7 4. Bg2 O-O 5. d3 d6 6. Rb1 a5 7. Nf3 Nc6 8. O-O e5 9. a3 Re8 10. Nd2 h5 11. h4 Be6 12. b4 axb4 13. axb4 d5 14. cxd5 Nxd5 15. Nxd5 Bxd5 16. Ne4 Nd4 17. Bg5 Qd7 18. b5 Ra2 19. Bd2 b6 20. Nc3 Bxg2 21. Kxg2 Ra3 22. Qc1 Rea8 23. Rd1 Qg4 24. f3 Qd7 25. Be1 f5 26. e3 Ne6 27. Qc2 Nc5 28. Rbc1 Qe6 29. Qe2 e4 30. fxe4 fxe4 31. d4 Nd3 32. Rc2 Qf5 33. Bf2 Ra1 34. Rxa1 Rxa1 35. Bg1 Ne1+ 36. Kh2 Nf3+ 37. Kg2 Rxg1+ 38. Kf2 Rh1 39. Nxe4 Rh2+ 40. Kf1 Rxe2 0-1


[Site "https://www.chess.com"]

[Event "Titled Tuesday Blitz November 08 Early 2022"]
[White "Svane, Rasmus"]
[Black "Melikyan, Gnel"]
[WhiteFideId "4657101"]
[BlackFideId "54109990"]
[WhiteElo "2674"]
[BlackElo "2138"]
[Result "1-0"]
[Round "02"]
[TimeControl "180+1"]
[Date "2022.11.08"]
[WhiteClock "0:00:36"]
[BlackClock "0:00:01"]

1. Nf3 Nf6 2. g3 g6 3. Bg2 Bg7 4. O-O O-O 5. d4 d6 6. Re1 Nc6 7. d5 Ne5 8. Nxe5 dxe5 9. c4 e6 10. Nc3 exd5 11. cxd5 e4 12. Nxe4 Nxd5 13. Bg5 f6 14. Qxd5+ Qxd5 15. Nxf6+ Bxf6 16. Bxd5+ Kg7 17. Bxf6+ Rxf6 18. Rad1 Rd6 19. Bf3 Be6 20. Rxd6 cxd6 21. Rc1 Bxa2 22. Rc7+ Kg8 23. Rxb7 d5 24. Rd7 Rb8 25. Rxa7 Bc4 26. g4 Rxb2 27. e3 Rd2 28. Rd7 h6 29. h4 Kh8 30. Kg2 Kg8 31. Kg3 Kh8 32. g5 hxg5 33. hxg5 Kg8 34. Bg4 Kh8 35. Be6 Rd1 36. Kf4 Rf1 37. f3 Rd1 38. e4 Rd4 39. Bxd5 Be2 40. Ke5 Rd3 41. f4 Bg4 42. Ra7 Rf3 43. Kf6 Bh5 44. f5 gxf5 45. exf5 Rd3 46. Ra8+ Kh7 47. g6+ Kh6 48. Rh8# 1-0


[Site "https://www.chess.com"]

[Event "Titled Tuesday Blitz November 08 Early 2022"]
[White "Swiercz, Dariusz"]
[Black "Degenbaev, Aziz"]
[WhiteFideId "1126881"]
[BlackFideId "13802640"]
[WhiteElo "2627"]
[BlackElo "2039"]
[Result "1-0"]
[Round "02"]
[TimeControl "180+1"]
[Date "2022.11.09"]
[WhiteClock "0:00:29"]
[BlackClock "0:00:01"]

1. Nf3 Nf6 2. d4 g6 3. g3 Bg7 4. Bg2 O-O 5. O-O d6 6. Nc3 c5 7. d5 Na6 8. h3 Nc7 9. a4 e6 10. dxe6 Bxe6 11. Ng5 d5 12. Nxe6 fxe6 13. e4 d4 14. Nb5 e5 15. Qe2 Kh8 16. b3 a6 17. Nxc7 Qxc7 18. a5 c4 19. Qxc4 Qxc4 20. bxc4 Rfc8 21. Ra4 Nd7 22. Ba3 b5 23. axb6 Nxb6 24. Rb4 Nxc4 25. Bc1 a5 26. Rb1 a4 27. Ra1 Bf8 28. Bf3 Bb4 29. Be2 Nd2 30. Rd1 Nxe4 31. Bf3 Nc3 32. Bxa8 Nxd1 33. Rxa4 Rxc2 34. Bh6 Bd2 35. Be4 Bxh6 36. Ra8+ Kg7 37. Ra7+ Kh8 38. Bxc2 Nb2 39. Rd7 Bd2 40. Kg2 Bc3 41. Be4 Nc4 42. h4 Nd2 43. f3 Nc4 44. Kf2 Ne3 45. Ke2 Nc4 46. h5 1-0


[Site "https://www.chess.com"]

[Event "Titled Tuesday Blitz November 08 Early 2022"]
[White "Szente Varga, Fruzsina"]
[Black "Carbone, Diego"]
[WhiteFideId "712264"]
[BlackFideId "3002179"]
[WhiteElo "1994"]
[BlackElo "2265"]
[Result "1-0"]
[Round "02"]
[TimeControl "180+1"]
[Date "2022.11.09"]
[WhiteClock "0:00:17"]
[BlackClock "0:00:02"]

1. e4 e5 2. Nf3 Nc6 3. Bb5 a6 4. Ba4 Nf6 5. Qe2 b5 6. Bb3 Bc5 7. c3 d6 8. O-O O-O 9. h3 h6 10. Rd1 Bb6 11. d3 Re8 12. Nbd2 Be6 13. Bc2 d5 14. Nf1 d4 15. Ng3 Kh7 16. Nf5 Ng8 17. Ng5+ hxg5 18. Qh5+ Nh6 19. Bxg5 Bxf5 20. Bxd8 Bg6 21. Qh4 Raxd8 22. g4 f6 23. Kh2 Kg8 24. Rg1 Nf7 25. Bb3 Na5 26. Bxf7+ Kxf7 27. g5 Rh8 28. Qg4 fxg5 29. Qxg5 Rh6 30. f4 exf4 31. Qxd8 dxc3 32. Qd7+ Kg8 33. bxc3 f3 34. Rg3 f2 35. Qe6+ Kh7 36. Rf1 Nb7 37. d4 Nd6 38. Rxf2 Nxe4 39. Rfg2 Nxg3 40. Rxg3 a5 41. Qe7 a4 42. Rg4 Rh5 43. Rh4 Rxh4 44. Qxh4+ Kg8 45. Qg5 Kf7 46. Qxb5 Bc2 47. Qc4+ Kf6 48. Qe2 Bf5 49. Qe5+ Kg6 50. Kg3 Kg5 51. h4+ Kg6 52. Kf4 Bd7 53. h5+ Kf7 54. Kg5 Be6 55. h6 gxh6+ 56. Kxh6 Bxa2 57. Qg7+ Ke6 58. Qg8+ Kd7 59. Qxa2 1-0


[Site "https://www.chess.com"]

[Event "Titled Tuesday Blitz November 08 Early 2022"]
[White "Tang, Andrew"]
[Black "Gabdrakhmanov, Azat"]
[WhiteFideId "2059630"]
[BlackFideId "34189197"]
[WhiteElo "2581"]
[BlackElo "2254"]
[Result "1-0"]
[Round "02"]
[TimeControl "180+1"]
[Date "2022.11.09"]
[WhiteClock "0:00:03"]
[BlackClock "0:00:04"]

1. Nh3 c5 2. g3 Nc6 3. Bg2 g6 4. O-O Bg7 5. e4 e6 6. f4 Nge7 7. d3 O-O 8. Nd2 d5 9. c3 dxe4 10. dxe4 b6 11. Qe2 a5 12. Rd1 Qc7 13. Nf3 Ba6 14. Qe1 Rad8 15. Be3 Bd3 16. Nf2 Ba6 17. g4 a4 18. e5 Nd5 19. Ne4 Nxe3 20. Qxe3 Ne7 21. Qf2 Nd5 22. Qg3 Ne3 23. Re1 Nc2 24. g5 Nxa1 25. Rxa1 Bb7 26. Nfd2 Rd7 27. Nc4 Bxe4 28. Bxe4 Rfd8 29. Qf3 b5 30. Nd6 Rxd6 31. exd6 Qxd6 32. Bc2 Qb8 33. Bd3 b4 34. Rb1 bxc3 35. bxc3 Qd6 36. Bb5 Qd2 37. Bxa4 Bxc3 38. Bb3 Bd4+ 39. Kh1 Rb8 40. Rf1 c4 41. Bxc4 Rb2 42. Qh3 Kg7 43. Bd3 Rxa2 44. Be4 Qe2 45. Bf3 Qe3 46. Qh6+ Kg8 47. Bg2 Ra7 48. Qh4 Rc7 49. Qg4 Rc2 50. h4 Kg7 51. h5 gxh5 52. Qxh5 Qg3 53. Qh6+ Kg8 54. Be4 f5 55. Bxc2 Qc3 56. Qh2 Be3 57. Bd1 Qd4 58. Bh5 e5 59. fxe5 f4 60. e6 Qd5+ 61. Bf3 Qxe6 62. Qh6 Qd7 63. Rd1 Qd8 64. Rxd8+ 1-0


[Site "https://www.chess.com"]

[Event "Titled Tuesday Blitz November 08 Early 2022"]
[White "Tarigan, Gilbert Elroy"]
[Black "Bibilashvili, Lali"]
[WhiteFideId "7108133"]
[BlackFideId "13604236"]
[WhiteElo "2284"]
[BlackElo "1819"]
[Result "1-0"]
[Round "02"]
[TimeControl "180+1"]
[Date "2022.11.09"]
[WhiteClock "0:00:57"]
[BlackClock "0:01:33"]

1. e3 Nf6 2. b3 g6 3. Bb2 Bg7 4. Nf3 O-O 5. Be2 d6 6. d4 Nbd7 7. O-O c5 8. c4 b6 9. Nc3 Bb7 10. d5 a6 11. a4 Ne8 12. e4 Nc7 13. Qd2 Ne5 14. Nxe5 Bxe5 15. f4 Bd4+ 16. Kh1 e5 17. f5 Qh4 18. Rf3 Bxc3 19. Bxc3 Qxe4 20. Raf1 Bc8 21. Re3 Qh4 22. Rh3 Qf6 23. fxg6 Qxg6 24. Rg3 Kh8 25. Rxg6 hxg6 26. Qh6+ Kg8 27. Bd3 Bg4 28. h3 Bd7 29. Bxg6 fxg6 30. Qxg6+ Kh8 31. Qh6+ Kg8 32. Rxf8+ Rxf8 33. Qg6+ Kh8 34. Qh6+ Kg8 35. Qg6+ Kh8 36. Qxd6 Rf7 37. Qxe5+ Kg8 38. Qh8# 1-0


[Site "https://www.chess.com"]

[Event "Titled Tuesday Blitz November 08 Early 2022"]
[White "Tarnowska, Aleksandra"]
[Black "Jobava, Baadur"]
[WhiteFideId "1180967"]
[BlackFideId "13601520"]
[WhiteElo "1776"]
[BlackElo "2582"]
[Result "0-1"]
[Round "02"]
[TimeControl "180+1"]
[Date "2022.11.09"]
[WhiteClock "0:00:45"]
[BlackClock "0:02:13"]

1. e4 e6 2. d4 d5 3. Nd2 dxe4 4. Nxe4 Bd7 5. Nf3 Bc6 6. Ng3 Nd7 7. Bd3 Ngf6 8. O-O g6 9. Bf4 Bg7 10. Ne5 Nd5 11. Nxc6 bxc6 12. Be3 O-O 13. c4 Nxe3 14. fxe3 c5 15. Be4 Rb8 16. Rb1 Qg5 17. Rf3 Rfd8 18. d5 Ne5 19. Rf4 Nxc4 20. Qf3 Nd2 21. Qf2 Nxb1 22. Bxb1 Rxb2 23. Qf1 Qxd5 24. Rxf7 Qxg2+ 0-1


[Site "https://www.chess.com"]

[Event "Titled Tuesday Blitz November 08 Early 2022"]
[White "Tasev, Dejan"]
[Black "Urazayev, Arystanbek"]
[WhiteFideId "936618"]
[BlackFideId "13709810"]
[WhiteElo "2256"]
[BlackElo "2441"]
[Result "0-1"]
[Round "02"]
[TimeControl "180+1"]
[Date "2022.11.09"]
[WhiteClock "0:00:19"]
[BlackClock "0:00:26"]

1. e4 c6 2. d4 d5 3. Nc3 dxe4 4. Nxe4 Bf5 5. Ng3 Bg6 6. Nf3 Nd7 7. Bc4 e6 8. Bb3 Ngf6 9. c3 Bd6 10. Qe2 Qc7 11. Be3 Nd5 12. O-O Nxe3 13. Qxe3 O-O 14. Rfe1 Rfe8 15. Rad1 e5 16. dxe5 Nxe5 17. Nxe5 Bxe5 18. Qf3 h6 19. h3 a5 20. Nf5 a4 21. Bc2 a3 22. b3 Rad8 23. c4 Rxd1 24. Rxd1 Bh2+ 25. Kf1 Be5 26. g4 Rd8 27. Rxd8+ Qxd8 28. Qd1 Qc7 29. Be4 Bxf5 30. Bxf5 g6 31. Be4 Kg7 32. Kg2 Qe7 33. Bf3 Qf6 34. Qd2 Bf4 35. Qe2 Bc7 36. Be4 Qb2 37. Qc2 Qe5 38. Qd3 Bb6 39. Qf3 Qb2 40. h4 Qxa2 41. h5 Qxf2+ 42. Qxf2 Bxf2 43. Bb1 Bd4 44. Kf3 Kf6 45. hxg6 fxg6 46. b4 b5 47. cxb5 cxb5 48. Ke4 Bc3 49. Kd5 Bxb4 50. Kc6 Kg5 51. Kxb5 Bf8 52. Kc4 Kxg4 53. Kd3 g5 54. Ke2 h5 55. Ba2 h4 56. Kf2 Bc5+ 57. Kg2 h3+ 58. Kh2 Bd6+ 59. Kh1 Kh4 60. Be6 g4 61. Ba2 g3 62. Bd5 g2+ 63. Kg1 Bc5+ 0-1


[Site "https://www.chess.com"]

[Event "Titled Tuesday Blitz November 08 Early 2022"]
[White "Tharushi, T H D Niklesha"]
[Black "Jodorcovsky Werjivker, Paulo"]
[WhiteFideId "9918264"]
[BlackFideId "3700305"]
[WhiteElo "1596"]
[BlackElo "2120"]
[Result "0-1"]
[Round "02"]
[TimeControl "180+1"]
[Date "2022.11.09"]
[WhiteClock "0:01:22"]
[BlackClock "0:00:51"]

1. e4 e5 2. Nf3 Nc6 3. Bc4 Nf6 4. Ng5 d5 5. exd5 Na5 6. Bb5+ c6 7. dxc6 bxc6 8. Be2 h6 9. Nf3 e4 10. Ne5 Bc5 11. c3 Qd5 12. d4 exd3 13. Nxd3 Bb6 14. Bf3 Qf5 15. b4 Ba6 16. bxa5 O-O-O 17. O-O Rxd3 18. Qe2 Qxa5 19. Bg4+ Nxg4 20. Qxg4+ f5 21. Qxg7 Rdd8 22. Bf4 Bxf1 23. Kxf1 Qb5+ 24. Ke1 Rhe8+ 25. Be3 Bxe3 26. fxe3 Rxe3+ 27. Kf2 Qe2+ 28. Kg1 Rd1# 0-1


[Site "https://www.chess.com"]

[Event "Titled Tuesday Blitz November 08 Early 2022"]
[White "Tifferet, Shaked"]
[Black "Thiel, Thomas"]
[WhiteFideId "2811529"]
[BlackFideId "4615964"]
[WhiteElo "2142"]
[BlackElo "2218"]
[Result "1-0"]
[Round "02"]
[TimeControl "180+1"]
[Date "2022.11.09"]
[WhiteClock "0:00:04"]
[BlackClock "0:00:01"]

1. d4 Nf6 2. c4 g6 3. g3 c6 4. Bg2 d5 5. Nf3 Bg7 6. O-O O-O 7. Qc2 dxc4 8. Qxc4 Nbd7 9. Re1 Nb6 10. Qc2 Bg4 11. Nbd2 Nbd5 12. a3 Rc8 13. e4 Nc7 14. h3 Bxf3 15. Nxf3 Ne6 16. Be3 b6 17. Rad1 Qc7 18. Ne5 Nd7 19. Nxc6 Qxc6 20. Qxc6 Rxc6 21. d5 Rc2 22. dxe6 Nc5 23. exf7+ Rxf7 24. e5 e6 25. Rd8+ Rf8 26. Rxf8+ Kxf8 27. b4 Na4 28. Rd1 Ke7 29. Bg5+ Ke8 30. Rd8+ Kf7 31. Rd7+ Kg8 32. Bf6 Bxf6 33. exf6 Nc3 34. Rg7+ Kf8 35. Rxa7 Nb5 36. Rxh7 Nxa3 37. Re7 Re2 38. Bd5 Re1+ 39. Kg2 Nc2 40. Rxe6 Rxe6 41. Bxe6 Nxb4 42. g4 Nd3 43. Kg3 Nc5 44. Bc4 Nd7 45. g5 Ne5 46. Bb3 Nf7 47. f4 Nd6 48. Kg4 b5 49. h4 b4 50. h5 gxh5+ 51. Kxh5 Ne4 52. Bd5 1-0


[Site "https://www.chess.com"]

[Event "Titled Tuesday Blitz November 08 Early 2022"]
[White "Todev, Simeon"]
[Black "Sernecki, Franciszek"]
[WhiteFideId "2925133"]
[BlackFideId "1169297"]
[WhiteElo "1938"]
[BlackElo "2210"]
[Result "0-1"]
[Round "02"]
[TimeControl "180+1"]
[Date "2022.11.09"]
[WhiteClock "0:00:04"]
[BlackClock "0:00:27"]

1. e4 e6 2. d4 d5 3. Nc3 Bb4 4. e5 Ne7 5. a3 Bxc3+ 6. bxc3 c5 7. Qg4 g6 8. h4 Qa5 9. Bd2 h5 10. Qf3 Qa4 11. Qf6 Rg8 12. Nf3 Qxc2 13. Bb5+ Bd7 14. Bxd7+ Nxd7 15. Qf4 Nf5 16. O-O O-O-O 17. Be3 Kb8 18. Rfc1 Qe4 19. Qxe4 dxe4 20. Ng5 Rgf8 21. Nxe4 cxd4 22. cxd4 Nb6 23. Rd1 Nd5 24. Bg5 Rc8 25. Rac1 Rxc1 26. Rxc1 Rc8 27. Nc5 b6 28. Nb3 Rxc1+ 29. Bxc1 Nxh4 30. f3 Nf5 31. Kf2 h4 32. Bg5 a5 33. a4 Nc3 34. Nd2 Nxa4 35. Nc4 Kc7 36. Bd2 Nxd4 37. Ke3 Nb3 38. Be1 Nac5 39. Bxh4 a4 40. Be1 b5 41. Na3 Kc6 42. Bb4 Nd7 43. Bd6 Nbc5 44. Kd4 Na6 45. Nc2 Nb6 46. Na3 Nd5 47. Nc2 b4 48. Kc4 b3 49. Na3 Nb6+ 50. Kc3 Kd5 51. Nb5 Nc5 52. Nc7+ Kc6 53. Bxc5 Kxc5 54. Na6+ Kd5 55. f4 Ke4 56. g3 Nd5+ 57. Kb2 Kf3 58. Nc5 Kxg3 59. Nxa4 Kxf4 60. Kxb3 Kxe5 61. Nc5 Kf4 62. Kc4 g5 63. Kd3 g4 64. Ke2 g3 65. Nd3+ Kg4 66. Ne5+ Kh3 67. Nxf7 g2 68. Ng5+ Kh2 69. Nf3+ Kh1 70. Kf2 Nf4 71. Ke3 Nh3 72. Ke4 Ng5+ 73. Nxg5 g1=Q 74. Ke5 Qxg5+ 0-1


[Site "https://www.chess.com"]

[Event "Titled Tuesday Blitz November 08 Early 2022"]
[White "Todorovic, Bojan"]
[Black "Adewumi, Tanitoluwa"]
[WhiteFideId "917087"]
[BlackFideId "30966396"]
[WhiteElo "2266"]
[BlackElo "2533"]
[Result "0-1"]
[Round "02"]
[TimeControl "180+1"]
[Date "2022.11.09"]
[WhiteClock "0:00:02"]
[BlackClock "0:00:03"]

1. Nf3 d5 2. g3 Nf6 3. Bg2 Bf5 4. O-O e6 5. c4 c6 6. d3 Nbd7 7. b3 h6 8. Bb2 Be7 9. Nbd2 Bh7 10. e4 dxe4 11. dxe4 O-O 12. e5 Ne4 13. Nxe4 Bxe4 14. Qe2 Bh7 15. Rad1 Qc7 16. Rd4 Bc5 17. Rg4 Bf5 18. Rf4 Rae8 19. Re1 Bh7 20. h4 Qa5 21. Bc1 Bb4 22. Rd1 Nc5 23. Rg4 Bf5 24. Rgd4 Rd8 25. g4 Rxd4 26. Nxd4 Bh7 27. h5 Rd8 28. g5 Bd3 29. Qe3 Bc3 30. Nf3 hxg5 31. Qxg5 Ne4 32. Qh4 Qb6 33. h6 gxh6 34. Bxh6 f5 35. exf6 Bxf6 36. Qg4+ Kf7 37. Qh5+ Ke7 0-1


[Site "https://www.chess.com"]

[Event "Titled Tuesday Blitz November 08 Early 2022"]
[White "Tohirjonova, Hulkar"]
[Black "Csonka, Balazs"]
[WhiteFideId "14202247"]
[BlackFideId "742910"]
[WhiteElo "2144"]
[BlackElo "2404"]
[Result "0-1"]
[Round "02"]
[TimeControl "180+1"]
[Date "2022.11.09"]
[WhiteClock "0:01:01"]
[BlackClock "0:00:24"]

1. e4 e5 2. d4 exd4 3. Qxd4 Nc6 4. Qe3 Nf6 5. Nc3 Bb4 6. Bd2 O-O 7. O-O-O Re8 8. Qg3 Nxe4 9. Nxe4 Rxe4 10. c3 Be7 11. Bd3 Bh4 12. Qf3 Re8 13. Nh3 Ne5 14. Qe2 d5 15. g3 Bxh3 16. gxh4 Bg4 17. Qf1 Bxd1 18. Kxd1 Nxd3 19. Qxd3 Qxh4 20. Kc2 Qe4 21. Rg1 Qxd3+ 22. Kxd3 Re6 23. b4 a5 24. a3 axb4 25. axb4 Ra2 26. b5 f6 27. Rg4 Kf7 28. h4 c5 29. bxc6 bxc6 30. h5 c5 31. h6 c4+ 32. Kd4 Rxd2+ 33. Kc5 gxh6 34. Rh4 d4 35. Kxc4 Rc6+ 36. Kb5 Rxc3 37. Rxh6 Rb2+ 38. Ka4 Rc1 0-1


[Site "https://www.chess.com"]

[Event "Titled Tuesday Blitz November 08 Early 2022"]
[White "Tokhirjonova, Gulrukhbegim"]
[Black "Grot, Blazej"]
[WhiteFideId "14203626"]
[BlackFideId "21835845"]
[WhiteElo "2236"]
[BlackElo "1822"]
[Result "1-0"]
[Round "02"]
[TimeControl "180+1"]
[Date "2022.11.09"]
[WhiteClock "0:00:42"]
[BlackClock "0:00:02"]

1. e4 c5 2. Nf3 e6 3. d4 cxd4 4. Nxd4 Nc6 5. Nc3 Qc7 6. Be2 a6 7. Be3 Nf6 8. O-O Be7 9. f4 d6 10. a4 O-O 11. Kh1 b6 12. Qe1 Bb7 13. Bd3 Rad8 14. Qg3 g6 15. Rae1 Rfe8 16. f5 Nxd4 17. Bxd4 e5 18. Be3 Rf8 19. Bh6 Rfe8 20. Bg5 Rf8 21. Qh4 Kg7 22. Bh6+ Kg8 23. Bxf8 Rxf8 24. fxg6 fxg6 25. Qg3 Kg7 26. Rf3 Nh5 27. Qf2 Rxf3 28. Qxf3 Nf4 29. Bf1 Qc5 30. g3 Ne6 31. Bg2 Ng5 32. Qg4 Bc8 33. Qd1 Be6 34. Rf1 b5 35. axb5 axb5 36. Nd5 Bd8 37. b4 Qc4 38. Qd3 Bxd5 39. Qxd5 Qxd5 40. exd5 Nf7 41. Ra1 Nh6 42. Ra7+ 1-0


[Site "https://www.chess.com"]

[Event "Titled Tuesday Blitz November 08 Early 2022"]
[White "Troltenier, Dirk"]
[Black "Rodriguez Fontecha, Marcos"]
[WhiteFideId "4606400"]
[BlackFideId "2256576"]
[WhiteElo "2313"]
[BlackElo "2263"]
[Result "1/2-1/2"]
[Round "02"]
[TimeControl "180+1"]
[Date "2022.11.09"]
[WhiteClock "0:00:34"]
[BlackClock "0:00:57"]

1. e4 e6 2. d4 c5 3. c3 b6 4. Nf3 Bb7 5. Bd3 Nf6 6. Qe2 d5 7. Nbd2 Be7 8. O-O O-O 9. a3 cxd4 10. cxd4 dxe4 11. Nxe4 Qd5 12. Re1 Nbd7 13. Bg5 h6 14. Bh4 Rfe8 15. Rad1 Rad8 16. Nxf6+ Bxf6 17. Bxf6 Nxf6 18. Bc4 Qf5 19. Ne5 Qg5 20. f3 Re7 21. Rd2 Rc7 22. Red1 Nd5 23. Bxd5 Bxd5 24. g3 Rdc8 25. f4 Qf5 26. Qd3 Qh5 27. Qe2 Qh3 28. Qf2 Rc1 29. Nd3 R1c4 30. Nb4 Be4 31. Re2 f5 32. Red2 Qh5 33. Na2 Rc2 34. Nc3 Rxd2 35. Rxd2 Bb7 36. Qe2 Qxe2 37. Rxe2 Kf7 38. Kf2 Rc4 39. Ke3 a6 40. Rd2 Bd5 41. Kd3 b5 42. Nxd5 exd5 43. Re2 Rc1 44. Re5 Rd1+ 45. Kc3 Rc1+ 46. Kd3 Rd1+ 47. Kc3 Rc1+ 48. Kd3 1/2-1/2


[Site "https://www.chess.com"]